 Dungeon Crawl Stone Soup version 0.31-a0-845-g9abc20d24f (webtiles) character file.

Game seed: 3229901164392258742

56 CrazyBamboolord the Grave Robber (level 3, -1/17 HPs)
             Began as a Vine Stalker Necromancer on Oct 3, 2023.
             Slain by Crazy Yiuf
             ... wielding a +2 quarterstaff of chaos
              (8 damage)
             ... on level 2 of the Dungeon.
             The game lasted 00:03:18 (1606 turns).

CrazyBamboolord the Grave Robber (VSNe)             Turns: 1606, Time: 00:03:19

Health: -1/17      AC:  2    Str: 10    XL:     3   Next: 97%
Magic:  0/8        EV: 12    Int: 21    God:
Gold:   110        SH:  0    Dex: 14    Spells: 3/7 levels left

rFire   . . .        i - +7 dagger of the Fresh God {elec, rN+ Int+4}
rCold   . . .        (no shield)
rNeg    + . .        j - +0 robe of Makhleb's Whim {Regen+}
rPois   .            (no helmet)
rElec   .            (no cloak)
rCorr   .            (no gloves)
SInv    .            (no boots)
Will    .....        (no amulet)
Stlth   ++           (no ring)
HPRegen 1.82/turn    (no ring)
MPRegen 0.11/turn

%: guardian spirit
@: no status effects
A: fangs 2, regeneration 1, magic shield, antimagic bite, no potion heal 2
a: no special abilities


You were on level 2 of the Dungeon.
You visited 1 branch of the dungeon, and saw 2 of its levels.

You collected 110 gold pieces.

Inventory:

Hand Weapons
 h - a +2 dagger of speed
 i - the +7 dagger of the Fresh God (weapon) {elec, rN+ Int+4}
   (You found it on level 2 of the Dungeon)

   Int+4:     It affects your intelligence (+4).
   rN+:       It protects you from negative energy.
Armour
 j - the +0 robe of Makhleb's Whim (worn) {Regen+}
   (You found it on level 2 of the Dungeon)

   Regen+:    It increases your rate of health regeneration.
Scrolls
 d - a scroll of revelation
 e - a scroll of teleportation
 f - a scroll of fear {unknown}
 g - a scroll of poison
Potions
 b - a potion of magic
 c - a potion of mutation {unknown}


   Skills:
 + Level 0.7 Fighting
 + Level 1.7 Dodging
 * Level 3.6 Stealth
 * Level 2.7 Spellcasting
 * Level 4.4 Necromancy


You had 3 spell levels left.
You knew the following spells:

 Your Spells              Type           Power      Damage    Failure   Level
a - Necrotise             Necr           84%        1d8       2%          1
b - Vampiric Draining     Necr           21%        2d7       7%          3

Your spell library contained the following spells:

 Spells                   Type           Power      Damage    Failure   Level
 Apportation              Tloc           4%         N/A       14%         1
 Summon Small Mammal      Summ           8%         N/A       14%         1
 Animate Dead             Necr           21%        N/A       22%         4
 Agony                    Necr           21%        N/A       52%         5


Dungeon Overview and Level Annotations

Branches:
Dungeon (2/15)

Altars:

Annotations:
D:2 Crazy Yiuf


Innate Abilities, Weirdness & Mutations

You have extremely sharp teeth.
Your natural rate of healing is unusually fast.
When hurt, damage is shared between your health and your magic reserves.
Your bite disrupts and absorbs the magic of your enemies.
Potions cannot restore your health.


Message History

Unknown command.
Casting: Necrotise (safe; 2% risk of failure)
Confirm with . or Enter, or press ? or * to list all spells.
Aiming: Vampiric Draining (extremely dangerous; 7% risk of failure)
Press: ? - help, Shift-Dir - straight line, f/p - adder
Aim: an adder (severely wounded)
You draw life force from the adder!
You kill the adder!
You feel life coursing into your body.
You feel sick.
Unknown command.
You feel sick.
There is a stone staircase leading down here.
You see here an adder corpse.
You start resting.
You feel sick. x6
You are no longer poisoned.
You start resting.
HP restored.
You start resting.
Magic restored.
You see here a staff of cold.
Found a serpent talisman.
Found a stone staircase leading down.
You see here a serpent talisman.
There is a stone staircase leading down here.
Found a hammer.
Found a runed translucent door.
Crazy Yiuf shouts!
Crazy Yiuf twirls on the spot.
Crazy Yiuf whimpers, "Cholesterol!"
A giant cockroach comes into view.
The helpless giant cockroach fails to defend itself.
You puncture the giant cockroach!
You kill the giant cockroach!
Unknown command.
You open the door. You hit Crazy Yiuf. Your bite misses Crazy Yiuf.
Crazy Yiuf is lightly wounded.
Crazy Yiuf hits you with a +2 quarterstaff of chaos!
Ouch! That really hurt!
You are electrocuted!
You die...

#%# #.... #####.##
#.... #......# #....
######># #.... #.#
#.... ♣♣♣♣♣##.# ####.
### ♣♣♣.♣.....# #.
#...#♣..♣......######.
#...g@♣♣♣♣............
#)..#♣♣ ♣♣♣....####..
### ♣##.....#..
##.##.... #.####..
#....... #######.
#.#.......# ##.
#.....>.#.# #..


You could see Crazy Yiuf.

Vanquished Creatures
  An adder (D:2)
  A worm (D:2)
  2 dart slugs (D:1)
  3 ball pythons
  3 endoplasms
  4 giant cockroaches
  4 goblins
  3 hobgoblins (D:1)
  3 quokkas (D:1)
  3 bats (D:1)
  3 frilled lizards (D:1)
  5 kobolds (D:1)
  2 rats (D:1)
37 creatures vanquished.

Notes
Turn   | Place    | Note
-------+----------+-------------------------------------------
     0 | D:1      | CrazyBamboolord the Vine Stalker Necromancer began the
                  | quest for the Orb.
     0 | D:1      | Reached XP level 1. HP: 9/9 MP: 4/4
    76 | D:1      | Reached XP level 2. HP: 13/13 MP: 1/6
   597 | D:1      | Reached XP level 3. HP: 17/17 MP: 4/7
  1220 | D:2      | Identified the +7 dagger of the Fresh God {elec, rN+ Int+4}
  1237 | D:2      | Learned a level 3 spell: Vampiric Draining
  1390 | D:2      | Identified the +0 robe of Makhleb's Whim {Regen+}
  1560 | D:2      | Found a runed translucent door.
  1561 | D:2      | Noticed Crazy Yiuf
  1606 | D:2      | Slain by Crazy Yiuf

Illustrated notes

Levels and vault maps discovered:
D:1:      dpeg_arrival_arbitrary_b, layout_basic
D:2:      layout_loops_cross, uniq_crazy_yiuf_cottage

Skill      XL: |  1  2 |
---------------+-------+-----
Stealth        | 3 |  3.6
Fighting       | |  0.7
Dodging        | |  1.7
Spellcasting   | |  2.7
Necromancy     | |  4.4

Action                     || total
---------------------------++-------
  Melee: Unarmed           ||    14
         Bite              ||     5
         Dagger            ||     4
   Cast: Necrotise         ||    59
         Vampiric Draining ||     1
    Use: Scroll            ||     3
   Stab: Sleeping          ||     2
 Armour: Robe              ||    23
  Dodge: Dodged            ||    25

Table legend: (Time is in decaauts)
 A = Elapsed time spent in this place.
 B = Non-inter-level travel time spent in this place.
 C = Inter-level travel time spent in this place.
 D = Time resting spent in this place.
 E = Time spent auto-exploring this place.
 F = Levels seen in this place.
 G = Mean time per level.
                   A        B        C        D        E       F      G
               +--------+--------+--------+--------+--------+-----+--------+
         Total |   1604 |   1532 |     72 |     65 |   1250 |   2 |  802.0 |
       Dungeon |   1604 |   1532 |     72 |     65 |   1250 |   2 |  802.0 |
               +--------+--------+--------+--------+--------+-----+--------+

Top non-repeatable levels by time:
     D:1: 1208 daAuts
     D:2: 395 daAuts
